 Dungeon Crawl Stone Soup version 0.27-a0-965-gbf8bb431c4 (webtiles) character file.

Game seed: 18188415660820440975

71 owniheg the Shield-Bearer (level 4, 0/35 HPs)
             Began as a Formicid Fighter on Apr 12, 2021.
             Slain by a scorpion (6 damage)
             ... on level 3 of the Dungeon.
             The game lasted 00:04:06 (1787 turns).

owniheg the Shield-Bearer (Formicid Fighter)        Turns: 1787, Time: 00:04:08

Health: 0/35       AC: 13    Str: 22    XL:     4   Next: 47%
Magic:  4/4        EV:  8    Int:  7    God:
Gold:   49         SH: 10    Dex: 10    Spells: 3/3 levels left

rFire    . . .     SeeInvis +   h - +2 mace (protect)
rCold    . . .     Faith    .   c - +0 kite shield
rNeg     . . .     Spirit   .   b - +0 scale mail
rPois    .         Reflect  .   (helmet unavailable)
rElec    .         Harm     .   (no cloak)
rCorr    .         Rampage  .   (no gloves)
Will     .....                  (no boots)
Stlth    ..........             (no amulet)
HPRegen  0.11/turn              (no ring)
MPRegen  0.09/turn              (no ring)

@: lethally poisoned (0 -> -7), under a protective aura
A: permanent stasis, dig shafts and tunnels, antennae 3, four strong arms
a: Dig, Shaft Self


You were on level 3 of the Dungeon.
You visited 1 branch of the dungeon, and saw 4 of its levels.

You collected 49 gold pieces.

Inventory:

Hand Weapons
 a - a +0 flail
 h - a +2 mace of protection (weapon)
Armour
 b - a +0 scale mail (worn)
 c - a +0 kite shield (worn)
Scrolls
 f - a scroll of magic mapping {unknown}
 g - a scroll of identify {unknown}
Potions
 d - a potion of might
 e - 2 potions of experience {unknown}


   Skills:
 - Level 3.2 Fighting
 + Level 2.0 Maces & Flails
 - Level 3.2 Armour
 - Level 6.0 Shields


You had 3 spell levels left.
You didn't know any spells.
Your spell library was empty.

Dungeon Overview and Level Annotations

Branches:
Dungeon (4/15)
 Temple: D:4-7

Altars:
Nemelex Xobeh
Qazlal

Annotations:
D:4 Ijyb


Innate Abilities, Weirdness & Mutations

You cannot be hasted, slowed, berserked, paralysed or teleported.
You can dig through walls and to a lower floor.
You have a pair of large antennae on your head. (SInv)
Your four strong arms can wield two-handed weapons with a shield.


Message History

Found 18 gold pieces.
Found a falchion.
A hobgoblin comes into view.
The hobgoblin shouts!
You hear a howl!
A goblin comes into view. It is wielding a +0 club.
The goblin shouts!
A howler monkey comes into view.
The howler monkey hoots and howls with incredible vigour!
The howler monkey hoots and howls with incredible vigour!
You hear a shout! x2
The howler monkey hoots and howls with incredible vigour!
Ijyb the Twisted Goblin comes into view.
She is wielding a +0 club and carrying a wand of iceblast (8).
The howler monkey hoots and howls with incredible vigour!
There is a sparkling altar of Nemelex Xobeh here.
Ijyb zaps a wand.
The mass of ice explodes!
The iceblast engulfs you!
You hear a shout!
You hear an angry hiss.
Ijyb zaps a wand.
The mass of ice explodes!
The iceblast engulfs the goblin!
The goblin dies!
The iceblast engulfs you!
A scorpion comes into view.
There is a stone staircase leading up here.
You block the scorpion's attack.
You climb upwards.
The adder hisses angrily.
Found four items.
There is a stone staircase leading down here.
You extend your mandibles.
You dig through the rock wall.
The scorpion stings you.
You are lethally poisoned!
The scorpion poisons you!
You dig through the rock wall.
* * * LOW HITPOINT WARNING * * *
You feel very sick.
You retract your mandibles.
You sock the scorpion!
Your weapon exudes an aura of protection.
The scorpion is heavily wounded.
* * * LOW HITPOINT WARNING * * *
You feel very sick. The scorpion stings you.
You die...

###
##+###@#
##...#s##
#....>##
#.(..!.!#
≈....S....#
+.........+
#......?..#
##.......##
##.....##


You could see a scorpion and an adder.

Vanquished Creatures
  An adder (D:4)
  4 dart slugs
  3 endoplasms
  2 giant cockroaches (D:4)
  4 goblins
  4 hobgoblins
  8 jackals
  A quokka (D:1)
  5 ball pythons
  4 bats
  5 frilled lizards
  5 kobolds
  6 rats
52 creatures vanquished.

Vanquished Creatures (others)
  A goblin (D:4)
1 creature vanquished.

Grand Total: 53 creatures vanquished

Notes
Turn   | Place    | Note
-------+----------+-------------------------------------------
     0 | D:1      | owniheg the Formicid Fighter began the quest for the Orb.
     0 | D:1      | Reached XP level 1. HP: 18/18 MP: 1/1
   301 | D:1      | Reached skill level 4 in Shields
   311 | D:1      | Reached XP level 2. HP: 20/24 MP: 2/2
   644 | D:1      | Reached XP level 3. HP: 29/29 MP: 3/3
   681 | D:1      | Reached skill level 5 in Shields
  1006 | D:1      | Found a faded altar of an unknown god.
  1503 | D:2      | Reached XP level 4. HP: 33/35 MP: 4/4
  1638 | D:2      | You fall into a shaft and drop 2 floors!
  1638 | D:4      | Found a sparkling altar of Nemelex Xobeh.
  1702 | D:4      | Found a stormy altar of Qazlal.
  1711 | D:4      | Reached skill level 6 in Shields
  1711 | D:4      | Noticed a water elemental
  1713 | D:4      | Noticed a fire elemental
  1713 | D:4      | Noticed an air elemental
  1713 | D:4      | Noticed an earth elemental
  1767 | D:4      | Noticed Ijyb
  1771 | D:4      | Noticed a scorpion
  1787 | D:3      | Slain by a scorpion

Illustrated notes

Levels and vault maps discovered:
D:1:      matt_arrival_spirals, layout_basic,
          shapermc_ecumenical_altar_hornbeckon, st_stairs_7,
          hangedman_decor_clover_reticule
D:2:      layout_loops_ring
D:3:      layout_loops_corners, lemuel_tele_altar, lightli_temple_of_fire,
          uniq_jessica
D:4:      layout_cave_pools, nicolae_qazlal_style_of_elements,
          lemuel_crystal_altar, minmay_temple_entry_nine_rooms, uniq_ijyb

Skill      XL: |  1  2  3  4 |
---------------+-------------+-----
Shields        | 4 5 6 |  6.0
Fighting       | |  3.2
Maces & Flails | |  2.0
Armour         | |  3.2

Action                   |  1- 3 |  4- 6 || total
-------------------------+-------+-------++-------
Melee: Flail             |    91 |    26 ||   117
       Mace              |       |    10 ||    10
 Abil: Dig               |     6 |     1 ||     7
Armor: Scale mail        |    25 |    12 ||    37
Dodge: Dodged            |    31 |    11 ||    42
Block: Kite shield       |    63 |    20 ||    83

Table legend: (Time is in decaauts)
 A = Elapsed time spent in this place.
 B = Non-inter-level travel time spent in this place.
 C = Inter-level travel time spent in this place.
 D = Time resting spent in this place.
 E = Time spent auto-exploring this place.
 F = Levels seen in this place.
 G = Mean time per level.
                   A        B        C        D        E       F      G
               +--------+--------+--------+--------+--------+-----+--------+
         Total |   1850 |   1843 |      7 |      0 |   1289 |   4 |  462.5 |
       Dungeon |   1850 |   1843 |      7 |      0 |   1289 |   4 |  462.5 |
               +--------+--------+--------+--------+--------+-----+--------+

Top non-repeatable levels by time:
     D:1: 1239 daAuts
     D:2: 453 daAuts
     D:4: 154 daAuts
     D:3: 3 daAuts
